 Dungeon Crawl Stone Soup version 0.15.2 (webtiles) character file.

11 glosham the Chucker (level 2, 0/28 HPs)
             Began as an Ogre Arcane Marksman on Apr 2, 2017.
             Slain by an ooze (2 damage)
             ... on Level 1 of the Dungeon.
             The game lasted 00:06:29 (254 turns).

glosham the Chucker (Ogre Arcane Marksman)           Turns: 254, Time: 00:06:29

HP   0/28        AC  3     Str 15      XL: 2   Next: 29%
MP   2/3         EV 10     Int 12      God:
Gold 22          SH  0     Dex  9      Spells:  1 memorised,  2 levels left

rFire  . . .     SeeInvis .     a - -2 club (curse)
rCold  . . .     Clarity  .     g - +0 robe
rNeg   . . .     rCorr    .     (shield restricted)
rPois  .         rRot     .     (helmet restricted)
rElec  .         Spirit   .     (no cloak)
SustAb .         Warding  .     (gloves unavailable)
rMut   .         Stasis   .     (boots unavailable)
Gourm  .                        (no amulet)
MR     .....                    (no ring)
                                (no ring)

@: not resistant to hostile enchantments, very unstealthy
A: unfitting armour, tough skin 1
a: no special abilities


You were on level 1 of the Dungeon.
You were not hungry.

You visited 1 branch of the dungeon, and saw 2 of its levels.

You collected 22 gold pieces.

Inventory:

Hand weapons
 a - a cursed -2 club (weapon)
 j - a +0 club
 k - a +0 club
Missiles
 b - 4 large rocks
 c - a throwing net
 h - 8 needles of confusion
 i - 5 stones (quivered)
Armour
 g - a +0 robe (worn)
Comestibles
 f - a meat ration
Potions
 l - a potion of heal wounds
Books
 d - a book of Debilitation

   Spells                             Type                      Level
   *Corona                            Hexes                        1
   Slow                               Hexes                        2
   Inner Flame                        Hexes/Fire                   3
   Enslavement                        Hexes                        4
   Cause Fear                         Hexes                        4
   Leda's Liquefaction                Hexes/Earth                  4


   Skills:
 - Level 2.1 Fighting
 * Level 2.0 Maces & Flails
 - Level 2.1 Throwing
 - Level 1.7 Dodging
 - Level 1.2 Spellcasting
 - Level 2.1 Hexes


You had 2 spell levels left.
You knew the following spells:

 Your Spells              Type           Power        Failure   Level  Hunger
c - Corona                Hex            #......      14%         1    ##.....


Dungeon Overview and Level Annotations

Branches:
Dungeon (2/15)

Altars:


Innate Abilities, Weirdness & Mutations

You are too large for most types of armour.
You have tough skin (AC +1).


Message History

Confirm with . or Enter, or press ? or * to list all spells.
Okay, then.
A goblin comes into view.
The goblin shouts!
The ooze closely misses you.
Found a purple potion.
Casting: Corona
Confirm with . or Enter, or press ? or * to list all spells.
Aiming: Corona
Press: ? - help, Shift-Dir - straight line, f - ooze
Aim: an ooze The ooze is outlined in light.
You hit the ooze.
The ooze is moderately wounded.
The ooze barely misses you.
You hit the ooze but do no damage.
The ooze is moderately wounded.
The ooze hits you.
* * * LOW HITPOINT WARNING * * *
You hit the ooze but do no damage.
The ooze is moderately wounded.
The ooze hits you.
* * * LOW HITPOINT WARNING * * *
You hit the ooze.
The ooze is heavily wounded.
The ooze hits you but does no damage.
You hit the ooze.
The ooze is heavily wounded.
The ooze barely misses you.
You hit the ooze but do no damage.
The ooze is heavily wounded.
The ooze barely misses you.
You hit the ooze.
The ooze is almost dead.
The ooze hits you.
* * * LOW HITPOINT WARNING * * *
You hit the ooze.
The ooze is almost dead.
The ooze hits you.
You die...

## #.# #........... ..
##.###..........[
#####.#........#+######
.........##....#.######
##.......#####...%..%..
!.............#.#%#####.
..#.##.#######.#.#.....#.
.......#.....#.#.##......
.......#@##....#.........
........#J#..<..#.........
...g!....S#....##.#......>
........###.#.....#.......
....... #.#######.......
....... #...............
....... ###.#...........
###### #...#...........
#.########......


You could see an ooze and a ball python.

Vanquished Creatures
  A goblin (D:2)
  2 hobgoblins (D:1)
  A kobold (D:2)
  5 bats (D:1)
  A giant newt (D:1)
10 creatures vanquished.

Notes
Turn   | Place    | Note
--------------------------------------------------------------
     0 | D:1      | glosham, the Ogre Arcane Marksman, began the quest for the Orb.
     0 | D:1      | Reached XP level 1. HP: 19/19 MP: 2/2
    70 | D:1      | Reached skill level 2 in Fighting
    87 | D:1      | Reached skill level 1 in Maces & Flails
   114 | D:2      | Reached XP level 2. HP: 14/28 MP: 0/3
   201 | D:1      | Reached skill level 2 in Maces & Flails
   253 | D:1      | HP: 2/28 [ooze (3)]
   254 | D:1      | Slain by an ooze

Action                   || total
-------------------------++-------
Melee: Unarmed           ||    29
       Club              ||    39
Throw: Stone             ||     5
       Throwing net      ||     1
 Cast: Corona            ||    13
  Use: Scroll            ||     4
 Stab: Held in net/web   ||     1

Table legend:
 A = Turns spent in this place as a percentage of turns spent in the entire game.
 B = Non-inter-level travel turns spent in this place as a percentage of non-inter-level travel turns spent in the entire game.
 C = Inter-level travel turns spent in this place as a percentage of turns spent in this place.
 D = Turns resting spent in this place as a percentage of non-inter-level travel turns spent in this place.
 E = Turns spent auto-exploring this place as a percentage of non-inter-level travel turns spent in this place.
 F = Non-inter-level travel turns spent in this place divided by the number of levels of this place that you've seen.
                   A       B       C       D       E      F
               +-------+-------+-------+-------+-------+----------------------
         Total | 100.0 | 100.0 |   0.0 |   0.0 |   0.0 | 124.5
       Dungeon | 100.0 | 100.0 |   0.0 |   0.0 |   0.0 | 124.5
               +-------+-------+-------+-------+-------+----------------------

Table legend:
 A = Kills in this place as a percentage of kills in entire the game.
 B = Kills by you in this place as a percentage of kills by you in the entire game.
 C = Kills by friends in this place as a percentage of kills by friends in the entire game.
 D = Other kills in this place as a percentage of other kills in the entire game.
 E = Experience gained in this place as a percentage of experience gained in the entire game.
 F = Experience gained in this place divided by the number of levels of this place that you have seen.
                   A       B       C       D       E      F
               +-------+-------+-------+-------+-------+----------------------
         Total | 100.0 | 100.0 |  -nan |  -nan | 100.0 |   8.5
       Dungeon | 100.0 | 100.0 |  -nan |  -nan | 100.0 |   8.5
               +-------+-------+-------+-------+-------+----------------------

Vault maps used:
D:1:      saegor_arrival_simple_f, minmay_misc_feat_square, serial_bayou_pond_e,
          serial_bayou_crossing
D:2:      kennysheep_goblin_castle, uniq_jessica
